 Dungeon Crawl Stone Soup version 0.31-a0-8-gd14b0f4ee2 (webtiles) character file.

Game seed: 16207820373464323339

182 Sigmada the Covered (level 5, -3/47 HPs)
             Began as a Minotaur Fighter on May 7, 2023.
             Slain by Menkaure (9 damage)
             ... on level 4 of the Dungeon.
             The game lasted 00:06:07 (1932 turns).

Sigmada the Covered (Minotaur Fighter)              Turns: 1932, Time: 00:06:08

Health: -3/47      AC:  7    Str: 22    XL:     5   Next: 34%
Magic:  4/4        EV: 10    Int:  5    God:
Gold:   100        SH:  4    Dex: 10    Spells: 4/4 levels left

rFire   . . .        a - +0 long sword
rCold   . . .        c - +0 buckler
rNeg    . . .        b - +0 scale mail
rPois   .            (helmet restricted)
rElec   .            (no cloak)
rCorr   .            (no gloves)
SInv    .            (no boots)
Will    .....        f - amulet of regeneration Stlth
                     (no ring)
HPRegen 1.07/turn    (no ring)
MPRegen 0.09/turn

%: no passive effects
@: no status effects
A: horns 2, retaliatory headbutt
a: no special abilities


You were on level 4 of the Dungeon.
You visited 1 branch of the dungeon, and saw 4 of its levels.

You collected 100 gold pieces.

Inventory:

Hand Weapons
 a - a +0 long sword (weapon)
 p - a +1 trident of distortion
Armour
 b - a +0 scale mail (worn)
 c - a +0 buckler (worn)
Jewellery
 f - an amulet of regeneration (around neck)
Wands
 n - a wand of flame (23)
Scrolls
 e - a scroll of identify
 h - a scroll of amnesia {unknown}
 i - a scroll of enchant armour {unknown}
 j - 3 scrolls of teleportation
 m - a scroll of brand weapon {unknown}
 q - a scroll of fear {unknown}
 r - 3 scrolls of magic mapping
 t - 2 scrolls of vulnerability {unknown}
Potions
 d - 2 potions of might
 g - a potion of haste {unknown}
 k - 2 potions of curing
 l - 2 potions of attraction
 o - a potion of degeneration {unknown}
 s - a potion of mutation {unknown}
 u - a potion of heal wounds {unknown}


   Skills:
 + Level 4.4 Fighting
 + Level 4.8 Long Blades
 + Level 4.8 Armour
 + Level 1.2 Dodging
 + Level 4.0 Shields


You had 4 spell levels left.
You didn't know any spells.
Your spell library contained the following spells:

 Spells                   Type           Power      Damage    Failure   Level
 Cigotuvi's Dreadful Rot  Necr/Pois/Air  0%         N/A       94%         2
 Ignite Poison            Fire/Tmut/Pois 0%         N/A       99%         3
 Summon Guardian Golem    Hex/Summ       0%         N/A       99%         3
 Petrify                  Tmut/Erth      0%         N/A       100%        4
 Freezing Cloud           Conj/Ice/Air   0%         6-21      100%        5
 Metabolic Englaciation   Hex/Ice        0%         N/A       100%        5
 Statue Form              Tmut/Erth      0%         N/A       100%        6
 Orb of Destruction       Conj           0%         9d5       100%        7
 Spellforged Servitor     Conj/Summ      0%         N/A       100%        7


Dungeon Overview and Level Annotations

Branches:
Dungeon (4/15)
 Temple: D:4-7

Altars:
Dithmenos
Kikubaaqudgha

Annotations:
D:4 Menkaure


Innate Abilities, Weirdness & Mutations

You have a pair of horns on your head.
You reflexively headbutt those who attack you in melee.


Message History

You kill the jackal!
You feel sick. The jackal misses you. You furiously retaliate!
You headbutt the jackal, but do no damage.
You closely miss the jackal. You headbutt the jackal.
The jackal is almost dead.
You feel sick.
You are no longer poisoned.
The jackal misses you. You furiously retaliate!
You headbutt the jackal!
You kill the jackal!
Menkaure gestures wildly while chanting.
Menkaure seems to speed up.
The jackal closely misses you.
You closely miss the jackal. Your headbutt misses the jackal.
The jackal misses you.
You hit the jackal.
The jackal is severely wounded.
The jackal barely misses you.
Menkaure calls on the powers of darkness!
Your body is wracked with pain!
A giant cockroach comes into view.
The jackal misses you.
Menkaure's bandages flutter.
Menkaure calls on the powers of darkness!
The giant cockroach convulses!
Your body is wracked with pain!
* * * LOW HITPOINT WARNING * * *
You are too injured to fight recklessly!
You are too injured to fight recklessly!
Unknown command.
You are too injured to fight recklessly!
You are too injured to fight recklessly!
You are too injured to fight recklessly!
You are too injured to fight recklessly!
You slash the jackal!
You kill the jackal!
Menkaure hits you!
* * * LOW HITPOINT WARNING * * *
You see here a jackal corpse.
You hit Menkaure.
Menkaure is lightly damaged.
Menkaure barely misses you. Menkaure hits you!
You die...

#. ..# #. ######..# #.
######.......#
#.####...##......##
#.................#
##.####...##.......###
##.....>...............
#...<.######.##.##.####
#.###.# #.##@# # #...
#.##M##.#### #.##.#
#.#.B....... ..# #
#.#..##.#### ### #.#..#
.< #.#..# ## ......
.#.## ..[


You could see Menkaure (fast) and a giant cockroach.

Vanquished Creatures
  An iguana (D:3)
  Robin (D:2)
  5 adders
  2 worms (D:2)
  A dart slug (D:2)
  3 orcs (D:3)
  4 ball pythons
  6 endoplasms
  4 giant cockroaches
  13 goblins
  11 hobgoblins
  13 jackals
  3 quokkas
  3 bats (D:1)
  4 frilled lizards
  4 kobolds
  3 rats
81 creatures vanquished.

Notes
Turn   | Place    | Note
-------+----------+-------------------------------------------
     0 | D:1      | Sigmada the Minotaur Fighter began the quest for the Orb.
     0 | D:1      | Reached XP level 1. HP: 19/19 MP: 0/0
   276 | D:1      | Reached XP level 2. HP: 27/27 MP: 1/1
   463 | D:1      | Reached XP level 3. HP: 33/33 MP: 2/2
   499 | D:1      | You fall into a shaft and drop 1 floor!
   526 | D:2      | Found an ancient bone altar of Kikubaaqudgha.
   638 | D:2      | Noticed Robin
   659 | D:2      | Reached XP level 4. HP: 40/40 MP: 3/3
   663 | D:2      | Killed Robin
   943 | D:3      | Found a shadowy altar of Dithmenos.
  1077 | D:3      | Reached skill level 1 in Dodging
  1641 | D:3      | Reached XP level 5. HP: 47/47 MP: 4/4
  1918 | D:4      | Noticed Menkaure
  1932 | D:4      | Slain by Menkaure

Illustrated notes

Levels and vault maps discovered:
D:1:      spicycebolla_arrival_xxxplode, layout_loops_ring
D:2:      layout_rooms, basic_altar, minmay_tetromino_i4, uniq_robin
D:3:      layout_basic, nicolae_dithmenos_shadow_blocks, serial_corexii_hall,
          corexii_hall_statues_i, chequers_hall_statues_wall_a,
          corexii_hall_statues_i, chequers_hall_statues_y,
          chequers_hall_statues_corner_a, chequers_hall_statues_wall_a,
          chequers_serial_rivers_micro_b, corexii_corridor_pit,
          kennysheep_generic_room_5
D:4:      layout_loops_ring, uniq_menkaure

Skill      XL: |  1  2  3  4  5 |
---------------+----------------+-----
Armour         | 4 |  4.8
Fighting       | 4 |  4.4
Long Blades    | 3 4 |  4.8
Dodging        | 1 |  1.2
Shields        | 4 |  4.0

Action                     |  1- 3 |  4- 6 || total
---------------------------+-------+-------++-------
  Melee: Long sword        |   105 |    85 ||   190
         Headbutt          |    18 |    12 ||    30
    Use: Scroll            |       |     4 ||     4
 Armour: Scale mail        |    60 |    37 ||    97
  Dodge: Dodged            |    63 |    44 ||   107
  Block: Buckler           |    38 |    17 ||    55

Table legend: (Time is in decaauts)
 A = Elapsed time spent in this place.
 B = Non-inter-level travel time spent in this place.
 C = Inter-level travel time spent in this place.
 D = Time resting spent in this place.
 E = Time spent auto-exploring this place.
 F = Levels seen in this place.
 G = Mean time per level.
                   A        B        C        D        E       F      G
               +--------+--------+--------+--------+--------+-----+--------+
         Total |   1979 |   1979 |      0 |    213 |   1061 |   4 |  494.8 |
       Dungeon |   1979 |   1979 |      0 |    213 |   1061 |   4 |  494.8 |
               +--------+--------+--------+--------+--------+-----+--------+

Top non-repeatable levels by time:
     D:3: 971 daAuts
     D:1: 516 daAuts
     D:2: 456 daAuts
     D:4: 35 daAuts
